 Dungeon Crawl Stone Soup version 0.20-a0-700-gbd4582c (webtiles) character file.

43 GlassEater the Conjurer (level 3, 0/19 HPs)
             Began as a Kobold Conjurer on Feb 21, 2017.
             Slain by a worm (10 damage)
             ... on level 2 of the Dungeon.
             The game lasted 00:03:31 (1485 turns).

GlassEater the Conjurer (Kobold Conjurer)           Turns: 1485, Time: 00:03:32

Health: 0/19       AC:  3    Str:  5    XL:     3   Next: 82%
Magic:  1/6        EV: 15    Int: 17    God:
Gold:   16         SH:  0    Dex: 15    Spells: 1/7 levels left

rFire    . . .     SeeInvis .   k - +0 short sword
rCold    . . .     Gourm    .   a - +0 robe
rNeg     . . .     Faith    .   (shield restricted)
rPois    .         Spirit   .   (no helmet)
rElec    .         Reflect  .   (no cloak)
rCorr    .         Harm     .   (no gloves)
MR       .....                  p - +0 pair of boots
Stlth    ++........             (no amulet)
Regen    0.1/turn               (no ring)
MPRegen  0.1/turn               (no ring)

@: no status effects
A: carnivore 3
a: no special abilities


You were on level 2 of the Dungeon.
You were completely stuffed.

You visited 1 branch of the dungeon, and saw 2 of its levels.

You collected 16 gold pieces.

Inventory:

Hand Weapons
 k - a +0 short sword (weapon)
Armour
 a - a +0 robe (worn)
 p - a +0 pair of boots (worn)
Jewellery
 g - a cursed ring of loudness {unknown}
Scrolls
 f - a scroll of teleportation {unknown}
 h - a scroll of fog {unknown}
 i - a scroll of immolation {unknown}
 l - a scroll of noise {unknown}
Potions
 d - a potion of haste {unknown}
 e - 2 potions of brilliance {unknown}
 j - a potion of invisibility {unknown}
 m - a potion of might {unknown}
 n - 2 potions of curing {unknown}
Books
 b - a book of Conjurations

   Spells                             Type                      Level
   a - Magic Dart                     Conjuration                  1
   b - Searing Ray                    Conjuration                  2
   c - Dazzling Spray                 Conjuration/Hexes            3
   d - Fulminant Prism                Conjuration/Hexes            4
   e - Force Lance                    Conjuration/Translocation    4
   f - Iskenderun's Mystic Blast      Conjuration                  4
Comestibles
 c - a meat ration
 o - a chunk of flesh


   Skills:
 + Level 2.7 Dodging
 + Level 3.0 Stealth
 + Level 2.6 Spellcasting
 + Level 4.7 Conjurations


You had one spell level left.
You knew the following spells:

 Your Spells              Type           Power        Failure   Level  Hunger
a - Magic Dart            Conj           ###.         2%          1    #......
b - Searing Ray           Conj           ###...       4%          2    ##.....
c - Dazzling Spray        Conj/Hex       ##....       21%         3    ###....


Dungeon Overview and Level Annotations

Branches:
Dungeon (2/15)

Altars:


Innate Abilities, Weirdness & Mutations

You are small and have problems with some larger weapons.
You are carnivorous and can eat meat at any time.


Message History

The worm is lightly wounded.
The worm is dazzled.
You hit the worm.
The worm is moderately wounded.
The worm is no longer blind.
The worm bites you!
You hit the worm.
The worm is moderately wounded.
You hit the worm.
The worm is heavily wounded.
The worm misses you.
You hit the worm.
The worm is heavily wounded.
The worm closely misses you.
You hit the worm.
The worm is heavily wounded.
You hit the worm but do no damage.
The worm is heavily wounded.
The worm bites you!
Ouch! That really hurt!
You die...

...#.. ##.....## ####.....##
...#.. ###..#### ####.....# #.
..)..####...## #........#...#
...........## #.##..##.#....
.....##...#### #.###.#.......
.............#######.###.#.......
.................................
.....##############..............
...............w@........#.......
........##.......#######.........
............####............>...<
....#####...# ###########.......
..... #...... ##...... ..####
....#### #...... ... ......
#...... .?# ##..#.# #...... . ..
#......


You could see a worm.

Vanquished Creatures
  3 dart slugs (D:1)
  3 leopard geckos
  A giant cockroach (D:1)
  4 goblins
  6 hobgoblins (D:1)
  7 kobolds
  4 bats
  2 frilled lizards (D:1)
  5 rats
35 creatures vanquished.

Notes
Turn   | Place    | Note
-------+----------+-------------------------------------------
     0 | D:1      | GlassEater the Kobold Conjurer began the quest for the Orb.
     0 | D:1      | Reached XP level 1. HP: 10/10 MP: 3/3
   228 | D:1      | Reached XP level 2. HP: 10/15 MP: 0/5
   326 | D:1      | Learned a level 2 spell: Searing Ray
   739 | D:1      | Reached XP level 3. HP: 19/19 MP: 1/6
   747 | D:1      | Learned a level 3 spell: Dazzling Spray
  1485 | D:2      | Slain by a worm

Vault maps used:
D:1:      lemuel_arrival_lava_pool, minmay_tromino_v4_a
D:2:      uniq_robin

Skill      XL: |  1  2  3 |
---------------+----------+-----
Stealth        | 3 |  3.0
Dodging        | |  2.7
Spellcasting   | |  2.6
Conjurations   | |  4.7

Action                   || total
-------------------------++-------
Melee: Unarmed           ||     7
       Short sword       ||     7
 Cast: Magic Dart        ||    64
       Dazzling Spray    ||     2
 Stab: Sleeping          ||     1
  Eat: Chunk             ||    11
Armor: Robe              ||     2
Dodge: Dodged            ||    19
